 Dungeon Crawl Stone Soup version 0.19.1 (webtiles) character file.

3909 Krapule the Spear-Bearer (level 10, -4/79 HPs)
             Began as a Merfolk Fighter on Dec 14, 2016.
             Was a High Priest of Okawaru.
             Slain by an unseen horror (10 damage)
             ... on level 9 of the Dungeon.
             The game lasted 00:36:30 (10467 turns).

Krapule the Spear-Bearer (Merfolk Fighter)         Turns: 10467, Time: 00:36:31

Health: -4/79      AC: 14    Str: 17    XL:     10   Next: 20%
Magic:  14/14      EV: 16    Int: 11    God:    Okawaru [*****.]
Gold:   516        SH: 12    Dex: 22    Spells: 0 memorised, 9 levels left

rFire  . . .     SeeInvis .     g - +4 broad axe of the Gnat {holy, *Contam Fragile rElec Dex+9}
rCold  . . .     Gourm    .     t - +0 ring mail
rNeg   . . .     Faith    +     c - +1 shield
rPois  .         Spirit   .     x - +0 helmet
rElec  +         Reflect  .     M - +2 cloak
rCorr  .         Harm     .     s - +0 pair of gloves
MR     .....                    (no boots)
Stlth  +.........               q - amulet of faith
                                K - ring of flight
                                o - +3 ring of protection

@: no status effects
A: change form in water, swift swim, stealthy swim
a: Heroism, Finesse, Renounce Religion, Evoke Flight


You were on level 9 of the Dungeon.
You worshipped Okawaru.
Okawaru was extremely pleased with you.
You were not hungry.

You visited 2 branches of the dungeon, and saw 10 of its levels.

You collected 516 gold pieces.

Inventory:

Hand Weapons
 a - a +0 trident
 g - the +4 broad axe of the Gnat (weapon) {holy, *Contam Fragile rElec Dex+9}
   (You found it on level 8 of the Dungeon)

   It has been blessed by the Shining One to cause great damage to the undead
   and demons.
   It affects your dexterity (+9).
   It insulates you from electricity.
   It causes magical contamination when unequipped.
   It will be destroyed if unequipped.
Missiles
 y - 5 throwing nets (quivered)
Armour
 c - a +1 shield (worn)
 s - a +0 pair of gloves (worn)
 t - a +0 ring mail (worn)
 x - a +0 helmet (worn)
 M - a +2 cloak (worn)
Jewellery
 l - a +3 amulet of reflection {unknown}
 o - a +3 ring of protection (left hand)
 q - an amulet of faith (around neck)
 B - an uncursed ring of magical power
 H - an uncursed amulet of rage {unknown}
 K - a ring of flight (right hand)
Wands
 p - a wand of flame (30/48)
 D - a wand of lightning (10/15)
 I - a wand of slowing (30/48)
 N - a wand of enslavement (10/24)
Scrolls
 b - 2 scrolls of fog {unknown}
 k - 3 scrolls of enchant armour
 u - a scroll of magic mapping
 v - 2 scrolls of teleportation
 F - a scroll of remove curse
 O - 2 scrolls of identify
Potions
 d - a potion of might
 e - 2 potions of agility
 j - 2 potions of flight
 m - a potion of heal wounds
 n - 2 potions of curing
 r - 2 potions of haste {unknown}
 w - 3 potions of mutation {unknown}
 z - a potion of ambrosia {unknown}
 C - 2 potions of invisibility {unknown}
 E - a potion of resistance {unknown}
 G - a potion of degeneration {unknown}
Comestibles
 f - 12 bread rations
 h - 3 beef jerkies
 i - 4 meat rations
 A - 2 fruits
 J - a slice of pizza
 L - a royal jelly


   Skills:
 + Level 7.4 Fighting
 + Level 9.7 Polearms
 - Level 3.0 Armour
 + Level 8.3 Dodging
 + Level 7.4 Shields
 + Level 6.2 Invocations


You had 9 spell levels left.
You didn't know any spells.

Dungeon Overview and Level Annotations

Branches:
Dungeon (9/15)             Temple (1/1) D:4
   Lair: D:8-11         Orc: D:9-12

Altars:
Ashenzari
Cheibriados
Elyvilon
Fedhas
Gozag
Hepliaklqana
Kikubaaqudgha
Makhleb
Nemelex Xobeh
Okawaru
Qazlal
Ru
Sif Muna
Trog
Uskayaw
Vehumet
Xom
Yredelemnul
Zin
The Shining One

Annotations:
D:4 Grinder; Philosophy's ghost, novice FoFi


Message History

* * * LOW HITPOINT WARNING * * *
You block something's attack.
The orc wizard points at you and mumbles some strange words.
Something hits you.
* * * LOW HITPOINT WARNING * * *
Something hits you but does no damage. Something hits you but does no damage.
Something barely misses you. You block something's attack.
The orc wizard casts a spell at you. The puff of flame hits you!
Something hits you but does no damage. Something closely misses you.
Something barely misses you.
The orc priest invokes the aid of Beogh against you.
Beogh smites you!
* * * LOW HITPOINT WARNING * * *
Something barely misses you. Something hits you!
You die...

#W........
#o........
#.########
#o# #.# #.#
#.#
#.#########
#@.........
#..........
#..########
#.<# #..#
#..# #..#
#..# #...


You could see an orc priest and an orc wizard.

Vanquished Creatures
  A hippogriff (D:8)
  A spriggan (D:8)
  Edmund (D:5)
  5 orc warriors
  2 sky beasts (D:5)
  9 ogres
  A centaur (D:7)
  A big kobold (D:8)
  4 bullfrogs
  4 scorpions
  3 crimson imps (D:8)
  4 hounds
  A jelly (D:6)
  9 orc priests
  8 orc wizards
  2 bullfrog skeletons
  2 iguanas
  6 worker ants
  2 hound skeletons (D:4)
  Robin (D:3)
  16 gnolls
  12 adders
  2 shadow imps
  3 adder skeletons
  4 worms
  5 dart slugs
  3 leopard geckos
  42 orcs
  5 giant cockroaches
  9 goblins
  9 hobgoblins
  12 jackals
  A quokka (D:3)
  8 bats
  5 frilled lizards
  A jackal skeleton (D:4)
  13 kobolds
  6 rats
223 creatures vanquished.

Notes
Turn   | Place    | Note
-------+----------+-------------------------------------------
     0 | D:1      | Krapule the Merfolk Fighter began the quest for the Orb.
     0 | D:1      | Reached XP level 1. HP: 18/18 MP: 1/1
   127 | D:1      | Reached XP level 2. HP: 12/24 MP: 2/2
   513 | D:1      | Reached skill level 1 in Dodging
   848 | D:1      | Reached XP level 3. HP: 29/29 MP: 3/3
   964 | D:2      | Found a radiant altar of Vehumet.
  1418 | D:2      | Reached XP level 4. HP: 37/37 MP: 4/4
  1481 | D:2      | Reached skill level 4 in Polearms
  1482 | D:2      | Found a snail-covered altar of Cheibriados.
  1843 | D:3      | Noticed Robin
  1869 | D:3      | Killed Robin
  2210 | D:3      | Reached XP level 5. HP: 32/42 MP: 5/5
  2647 | D:4      | Found a staircase to the Ecumenical Temple.
  2654 | Temple   | Entered the Ecumenical Temple
  2685 | Temple   | Became a worshipper of Warmaster Okawaru
  2717 | D:4      | Reached skill level 5 in Polearms
  2726 | D:4      | Noticed Philosophy's ghost (novice FoFi)
  2896 | D:4      | Reached XP level 6. HP: 48/48 MP: 6/6
  2976 | D:3      | Reached skill level 1 in Invocations
  3266 | D:4      | Reached * piety under Okawaru
  3623 | D:5      | Entered Level 5 of the Dungeon
  3646 | D:5      | Reached XP level 7. HP: 48/54 MP: 8/8
  4134 | D:4      | Noticed Grinder
  4627 | D:4      | Reached skill level 6 in Polearms
  5420 | D:5      | Reached skill level 5 in Shields
  5801 | D:5      | Reached XP level 8. HP: 61/61 MP: 10/10
  5806 | D:5      | Reached skill level 5 in Fighting
  5846 | D:5      | Reached ** piety under Okawaru
  5846 | D:5      | Reached skill level 7 in Polearms
  6256 | D:5      | Reached skill level 5 in Dodging
  6594 | D:6      | Noticed Edmund
  6695 | D:6      | Reached *** piety under Okawaru
  6807 | D:5      | Killed Edmund
  6807 | D:5      | Reached skill level 8 in Polearms
  6807 | D:5      | Reached XP level 9. HP: 44/69 MP: 12/12
  8048 | D:7      | Reached **** piety under Okawaru
  8425 | D:7      | Reached skill level 5 in Invocations
  8520 | D:7      | Found a white marble altar of Elyvilon.
  8793 | D:7      | Reached skill level 9 in Polearms
  8840 | D:7      | Received a gift from Okawaru
  9075 | D:7      | Found a burning altar of Makhleb.
  9298 | D:8      | Found a sacrificial altar of Ru.
  9346 | D:8      | Got an encrusted broad axe
  9353 | D:8      | Identified the +4 broad axe of the Gnat {holy, *Contam Fragile rElec Dex+9} (You found it on level 8 of the Dungeon)
  9563 | D:8      | Reached XP level 10. HP: 79/79 MP: 14/14
  9735 | D:8      | Reached ***** piety under Okawaru
 10231 | D:8      | Found a shimmering altar of Xom.
 10467 | D:9      | Slain by an unseen horror

Skill      XL: |  1  2  3  4  5  6  7  8  9 10 |
---------------+-------------------------------+-----
Dodging        | 1 2 3 4 6 7 8 |  8.3
Polearms       | 4 5 6 8 9 |  9.7
Shields        | 4 5 6 7 |  7.4
Fighting       | 4 6 7 |  7.4
Invocations    | 1 2 4 5 6 |  6.2
Armour         | 3 |  3.0

Action                   |  1- 3 |  4- 6 |  7- 9 | 10-12 || total
-------------------------+-------+-------+-------+-------++-------
Melee: Trident           |   185 |   337 |   681 |       ||  1203
       Broad axe         |       |       |    41 |    85 ||   126
Invok: Heroism           |       |       |     2 |       ||     2
  Use: Scroll            |     7 |     2 |     3 |       ||    12
       Potion            |       |       |     2 |       ||     2
 Stab: Distracted        |       |     1 |       |       ||     1
  Eat: Chunk             |     2 |     8 |    17 |     3 ||    30
       Fruit             |       |       |     3 |       ||     3
Armor: Scale mail        |    76 |       |       |       ||    76
       Ring mail         |       |   125 |   120 |    36 ||   281
       Skin              |       |       |    15 |       ||    15
Dodge: Dodged            |    62 |    90 |   191 |    63 ||   406
Block: Shield            |   101 |   157 |   281 |    77 ||   616
